 Dungeon Crawl Stone Soup version 0.26-a0-597-gb535b0901c (webtiles) character file.

Game seed: 4799001488718619141

163 Flugslaktarn the Skirmisher (level 5, -3/48 HPs)
             Began as a Minotaur Fighter on Sept 13, 2020.
             Slain by Duvessa
             ... wielding a +2 short sword of protection
              (5 damage)
             ... on level 4 of the Dungeon.
             The game lasted 00:00:26 (942 turns).

Flugslaktarn the Skirmisher (Minotaur Fighter)       Turns: 942, Time: 00:00:27

Health: -3/48      AC:  7    Str: 21    XL:     5   Next: 20%
Magic:  4/4        EV:  7    Int:  5    God:
Gold:   65         SH:  9    Dex: 10    Spells: 4/4 levels left

rFire    . . .     SeeInvis .   a - +0 war axe
rCold    . . .     Faith    .   c - +0 kite shield
rNeg     . . .     Spirit   .   b - +0 scale mail
rPois    .         Reflect  .   (helmet restricted)
rElec    .         Harm     .   (no cloak)
rCorr    .                      (no gloves)
MR       .....                  (no boots)
Stlth    ..........             (no amulet)
HPRegen  0.16/turn              (no ring)
MPRegen  0.09/turn              (no ring)

@: mighty
A: retaliatory headbutt, horns 2
a: no special abilities


You were on level 4 of the Dungeon.
You visited 1 branch of the dungeon, and saw 4 of its levels.

You collected 65 gold pieces.

Inventory:

Hand Weapons
 a - a +0 war axe (weapon)
Armour
 b - a +0 scale mail (worn)
 c - a +0 kite shield (worn)
Scrolls
 e - 2 scrolls of identify {unknown}
 f - a scroll of magic mapping {unknown}
 g - a scroll of remove curse {unknown}
 i - a scroll of blinking {unknown}
Potions
 h - 2 potions of heal wounds {unknown}


   Skills:
 * Level 5.1 Fighting
 * Level 4.2 Axes
 + Level 4.3 Armour
 + Level 4.4 Shields


You had 4 spell levels left.
You didn't know any spells.
Your spell library was empty.

Dungeon Overview and Level Annotations

Branches:
Dungeon (4/15)
 Temple: D:4-7

Altars:

Annotations:
D:4 Duvessa


Innate Abilities, Weirdness & Mutations

You reflexively headbutt those who attack you in melee.
You have a pair of horns on your head.


Message History

You kill the worker ant!
You hit Dowan. You hit Duvessa but do no damage. Dowan casts a spell at you.
The puff of frost hits you!
Duvessa says, "Where magic fails, the sword succeeds!"
Duvessa hits you but does no damage.
You slice Dowan!!
You kill Dowan!
Duvessa weeps, then rights herself and shakes her weapon.
Duvessa goes berserk!
Your Fighting skill increases to level 5!
Your Axes skill increases to level 4!
You have reached level 5!
You hit Duvessa but do no damage. Duvessa hits you but does no damage.
You block Duvessa's attack.
You hit Duvessa but do no damage.
Duvessa hits you with a +2 short sword of protection!
* * * LOW HITPOINT WARNING * * *
Duvessa hits you with a +2 short sword of protection.
You die...

.#. ?.# ...
..# #.# ..#
#.# ..#
##.##..#
.##.###...#..#
.......e#....#
#@...#
##)#.....<..
..........##
###.###.#..#
### .# .# .# #
#


You could see Duvessa (berserk).

Vanquished Creatures
  Dowan (D:4)
  A hound (D:3)
  An orc wizard (D:3)
  A worker ant (D:4)
  An adder (D:2)
  5 orcs
  4 bats
  A giant cockroach (D:2)
  2 goblins
  A quokka (D:3)
  A ball python skeleton (D:4)
  3 frilled lizards
  4 kobolds (D:3)
26 creatures vanquished.

Notes
Turn   | Place    | Note
-------+----------+-------------------------------------------
     0 | D:1      | Flugslaktarn the Minotaur Fighter began the quest for the
                  | Orb.
     0 | D:1      | Reached XP level 1. HP: 19/19 MP: 0/0
   234 | D:2      | Reached skill level 4 in Fighting
   234 | D:2      | Reached XP level 2. HP: 27/27 MP: 1/1
   417 | D:3      | Reached XP level 3. HP: 24/33 MP: 2/2
   657 | D:4      | Noticed Dowan
   658 | D:4      | Noticed Duvessa
   674 | D:3      | Reached XP level 4. HP: 5/41 MP: 3/3
   941 | D:4      | Killed Dowan
   941 | D:4      | Reached skill level 5 in Fighting
   941 | D:4      | Reached XP level 5. HP: 18/48 MP: 4/4
   942 | D:4      | HP: 2/48 [Duvessa/+2 short sword of protection (17)]
   942 | D:4      | Slain by Duvessa

Illustrated notes

Levels and vault maps discovered:
D:1:      dpeg_arrival_three_same_balls, layout_loops_ring,
          kennysheep_pointless_box
D:2:      layout_rooms
D:3:      layout_loops_cross, old_standard_altar, uniq_jessica
D:4:      layout_loops_ring, tgw_xom, lemuel_crystal_altar, uniq_duvessa

Skill      XL: |  1  2  3  4 |
---------------+-------------+-----
Fighting       | 4 5 |  5.1
Axes           | 3 4 |  4.2
Armour         | 4 |  4.3
Shields        | 4 |  4.4

Action                   |  1- 3 |  4- 6 || total
-------------------------+-------+-------++-------
Melee: War axe           |    74 |     5 ||    79
       Headbutt          |     6 |     1 ||     7
  Use: Potion            |       |     1 ||     1
Armor: Scale mail        |    58 |     3 ||    61
Dodge: Dodged            |    36 |     1 ||    37
Block: Kite shield       |    48 |     2 ||    50

Table legend: (Time is in decaauts)
 A = Elapsed time spent in this place.
 B = Non-inter-level travel time spent in this place.
 C = Inter-level travel time spent in this place.
 D = Time resting spent in this place.
 E = Time spent auto-exploring this place.
 F = Levels seen in this place.
 G = Mean time per level.
                   A        B        C        D        E       F      G
               +--------+--------+--------+--------+--------+-----+--------+
         Total |    975 |    943 |     32 |    260 |    503 |   4 |  243.8 |
       Dungeon |    975 |    943 |     32 |    260 |    503 |   4 |  243.8 |
               +--------+--------+--------+--------+--------+-----+--------+

Top non-repeatable levels by time:
     D:3: 702 daAuts
     D:1: 136 daAuts
     D:2: 114 daAuts
     D:4: 22 daAuts
